 Dungeon Crawl Stone Soup version 0.29.0-11-gd7f09526c8 (webtiles) character file.

Game seed: 10125282612355385669

457 mdonais the Conjurer (level 7, -6/46 HPs)
             Began as an Octopode Conjurer on Sept 5, 2022.
             Mangled by Edmund
             ... wielding a +1 dire flail of protection
              (14 damage)
             ... on level 4 of the Dungeon.
             The game lasted 00:18:23 (4934 turns).

mdonais the Conjurer (Octopode Conjurer)            Turns: 4934, Time: 00:18:24

Health: -6/46      AC:  1    Str:  6    XL:     7   Next: 6%
Magic:  13/13      EV: 13    Int: 23    God:
Gold:   100        SH:  0    Dex:  8    Spells: 11/14 levels left

rFire   + . .      SeeInvis .   k - +0 quarterstaff
rCold   + . .      Faith    .   (shield currently unavailable)
rNeg    . . .      Spirit   .   (helmet restricted)
rPois   +          Reflect  .   (no amulet)
rElec   +          Harm     .   (no ring)
rCorr   +          Rampage  .   (no ring)
Will    .....                   (no ring)
Stlth   ++........              (no ring)
HPRegen 0.15/turn               (no ring)
MPRegen 0.13/turn               (no ring)
                                (no ring)
                                (no ring)

@: silenced, resistant
A: almost no armour, amphibious, 8 rings, camouflage 1, gelatinous body 1,
(nimble swimmer 1), tentacles, antennae 1, clumsy 1
a: no special abilities


You were on level 4 of the Dungeon.
You visited 1 branch of the dungeon, and saw 4 of its levels.

You collected 100 gold pieces.

Inventory:

Hand Weapons
 c - a +0 dagger
   (You took it off a goblin on level 1 of the Dungeon)
 k - a +0 quarterstaff (weapon)
   (You found it on level 3 of the Dungeon)
Missiles
 b - 5 poisoned darts
Jewellery
 r - an amulet of regeneration
   (You found it on level 2 of the Dungeon)
Wands
 D - a wand of digging (5)
   (You found it on level 3 of the Dungeon)
Scrolls
 f - a scroll of enchant armour
 j - a scroll of immolation
 m - 2 scrolls of enchant weapon
 p - a scroll of amnesia
Potions
 a - a potion of magic


   Skills:
 - Level 3.0 Fighting
 - Level 2.0 Dodging
 - Level 3.3 Stealth
 - Level 4.0 Spellcasting
 + Level 6.2 Conjurations


You had 11 spell levels left.
You knew the following spells:

 Your Spells              Type           Power      Damage    Failure   Level
a - Magic Dart            Conj           100%       1d8       1%          1
b - Searing Ray           Conj           66%        2d6       1%          2

Your spell library contained the following spells:

 Spells                   Type           Power      Damage    Failure   Level
 Dazzling Flash           Conj/Hex       38%        N/A       9%          3
 Scorch                   Fire           8%         2d5       16%         2
 Flame Wave               Conj/Fire      19%        2d7       28%         4
 Fulminant Prism          Conj/Hex       9%         3d7       28%         4
 Iskenderun's Mystic Bla  Conj/Tloc      19%        2d6       28%         4
 Summon Cactus Giant      Summ           2%         N/A       100%        6


Dungeon Overview and Level Annotations

Branches:
Dungeon (4/15) Zot: 19041
 Temple: D:4-7

Altars:
The Shining One

Shops:
D:1 *

Annotations:
D:1 scroll dig a[pport
D:2 Jessica, Sigmund
D:4 Edmund


Innate Abilities, Weirdness & Mutations

You cannot wear most types of armour.
You are amphibious.
You can wear up to eight rings at the same time.
Your skin changes colour to match your surroundings (Stealth+).
Your rubbery body absorbs attacks. (AC +1, EV +1)
((You are camouflaged when in or above water. (Stealth+)))
You have tentacles for arms and can constrict up to eight enemies at once.
You have a pair of small antennae on your head.
You are clumsy. (Dex -2)


Message History

Unknown command.
Unknown command.
Casting: Searing Ray (safe; 1% risk of failure)
Confirm with . or Enter, or press ? or * to list all spells.
Aiming: Searing Ray (safe; 1% risk of failure)
Press: ? - help, Shift-Dir - straight line, f - orc wizard
Aim: an orc wizard, wielding a +0 dagger and wearing a +0 robe (moderately wounded, constricted by roots, 100% to hit)
The searing ray hits the orc priest!
You kill the orc priest!
The searing ray hits the orc wizard.
The orc wizard is heavily wounded. (Press . to maintain the ray.)
The grasping roots constrict Edmund.
The grasping roots constrict the orc wizard.
The roots release their grip on Edmund.
Edmund hits you but does no damage. Something hits you but does no damage.
The orc wizard struggles to escape constriction.
The roots lose their grip on the orc wizard.
The orc wizard is attracted toward you.
Training target 6.0 for Conjurations reached!
Your Conjurations skill increases to level 6!
You need to enable at least one skill for training.
You have reached level 7!
You regained 2 hp, and now have 18/69 hp.
You now have 10/13 mp.
The searing ray misses the orc wizard.
Edmund hits you but does no damage.
The orc wizard hits you but does no damage.
Something hits you but does no damage.
The searing ray misses the orc wizard.
Edmund hits you with a +1 dire flail of protection.
* * * LOW HITPOINT WARNING * * *
The orc wizard hits you but does no damage.
Something hits you but does no damage.
You take 2 damage, and have 16/69 hp.
You now have 9/13 mp.
The searing ray hits the orc wizard.
The orc wizard is almost dead.
You finish channelling your searing ray.
You hear some strange, mumbled words.
A magic dart appears from out of thin air!
The magic dart hits you but does no damage.
Edmund hits you with a +1 dire flail of protection.
* * * LOW HITPOINT WARNING * * *
The orc wizard hits you with a +0 dagger.
* * * LOW HITPOINT WARNING * * *
You take 8 damage, and have 8/69 hp.
You now have 8/13 mp.
You are confused.
You feel invigorated. Edmund hits you but does no damage.
Something hits you but does no damage.
The orc wizard hits you but does no damage.
You regained 5 hp, and now have 13/69 hp.
MP restored: 13 Unknown command.
You are too confused!
You cannot move. (Use ctrl+direction or * direction to attack while stationary and confused.)
You hit the orc wizard but do no damage.
The orc wizard is almost dead.
Edmund hits you with a +1 dire flail of protection.
* * * LOW HITPOINT WARNING * * *
The orc wizard hits you but does no damage.
Something hits you but does no damage.
The orc wizard hits you but does no damage.
Edmund barely misses you. Something hits you but does no damage.
You completely miss the orc wizard.
The orc wizard is almost dead.
Edmund hits you but does no damage. Something hits you but does no damage.
The orc wizard points at you and mumbles some strange words.
You are more confused.
You regained 6 hp, and now have 20/69 hp.
You hit the orc wizard but do no damage.
The orc wizard is almost dead.
Edmund hits you with a +1 dire flail of protection.
The orc wizard hits you but does no damage.
Something completely misses you.
You regained 3 hp, and now have 23/69 hp.
You hit the orc wizard but do no damage.
The orc wizard is almost dead.
You feel less invigorated.
Edmund hits you with a +1 dire flail of protection.
Something hits you but does no damage.
The orc wizard hits you but does no damage.
You attack the rock wall.
Edmund hits you but does no damage. Something hits you but does no damage.
The orc wizard hits you but does no damage.
Edmund hits you but does no damage. Something hits you but does no damage.
The orc wizard hits you but does no damage.
You swing at nothing.
An orc wizard appears from thin air!
Reactivating autopickup.
Edmund hits you but does no damage.
The orc wizard hits you but does no damage.
The orc wizard gestures at you while chanting.
The puff of flame hits you but does no damage.
You swing at nothing.
Your transformation is almost over.
Edmund hits you with a +1 dire flail of protection.
* * * LOW HITPOINT WARNING * * *
The orc wizard gestures at you while chanting.
The magic dart hits you but does no damage.
The orc wizard hits you with a +0 dagger.
* * * LOW HITPOINT WARNING * * *
You take 5 damage, and have 19/69 hp.
Okay, then.
You are too confused!
Okay, then.
You cannot move. (Use ctrl+direction or * direction to attack while stationary and confused.) Unknown command.
You barely miss the orc wizard.
The orc wizard is almost dead.
You feel less confused. Edmund hits you but does no damage.
The orc wizard hits you but does no damage. x3
Edmund hits you but does no damage.
The orc wizard hits you but does no damage.
Okay, then.
Unknown command.
Okay, then.
Unknown command.
Okay, then.
As you read the scroll of silence, it crumbles to dust.
A profound silence engulfs you. Edmund hits you but does no damage.
The orc wizard hits you but does no damage. x2
You hit the orc wizard but do no damage.
The orc wizard is almost dead.
Edmund hits you with a +1 dire flail of protection.
* * * LOW HITPOINT WARNING * * *
The orc wizard hits you but does no damage. x2
You take 6 damage, and have 14/69 hp.
You miss the orc wizard.
The orc wizard is almost dead.
Edmund hits you with a +1 dire flail of protection.
* * * LOW HITPOINT WARNING * * *
The orc wizard hits you but does no damage. x2
You take 1 damage, and have 13/69 hp.
You hit the orc wizard.
The orc wizard is almost dead.
Edmund hits you with a +1 dire flail of protection.
* * * LOW HITPOINT WARNING * * *
The orc wizard hits you but does no damage. x2
A jackal comes into view.
The orc wizard hits you but does no damage.
The orc wizard completely misses you. Edmund barely misses you.
The jackal is attracted toward you.
You feel less attractive to monsters.
You take 1 damage, and have 12/69 hp.
You hit the orc wizard.
You kill the orc wizard!
You feel less wooden. Edmund misses you. The orc wizard misses you.
The jackal closely misses you.
You now have 8/46 hp.
Okay, then.
Edmund hits you with a +1 dire flail of protection!
You die...

########...........
#....)...####.#####
#.###########.#####
##
#..................
..
#..##########.###..
#.###..####### #.#
#.# #.5..........#
#.###.#
#..##..#####.#
#.##..# #.. #o@#
#.####.#†.<. .h..
#@h# #....#...#..
.........#
####.###....
###...##.## #.#
##.## #... ... #.#
#.## ##....#. #.#
#.## .#. . #.# #.##
..## #.####... ##
#........


You could see Edmund (resistant), an orc wizard and a jackal.

Vanquished Creatures
  A scorpion (D:4)
  3 jellies (D:2)
  An orc priest (D:4)
  An orc wizard (D:4)
  Natasha (thrice) (D:2)
  An iguana (D:4)
  3 adders
  A white imp (D:4)
  An ufetubus (D:3)
  2 worms (D:3)
  3 dart slugs
  An orc (D:3)
  16 endoplasms
  6 giant cockroaches
  4 goblins
  9 hobgoblins
  6 jackals
  A quokka (D:1)
  8 ball pythons
  5 bats
  4 frilled lizards
  8 kobolds
  4 rats
92 creatures vanquished.

Vanquished Creatures (others)
  11 fungi (D:2)
  A plant (D:1)
  5 toadstools (D:2)
17 creatures vanquished.

Grand Total: 109 creatures vanquished

Notes
Turn   | Place    | Note
-------+----------+-------------------------------------------
     0 | D:1      | mdonais the Octopode Conjurer began the quest for the Orb.
     0 | D:1      | Reached XP level 1. HP: 11/11 MP: 3/3
   197 | D:1      | Reached XP level 2. HP: 16/18 MP: 0/5
   218 | D:1      | Reached skill level 1 in Fighting
   348 | D:1      | Found Karpham's General Store.
   742 | D:1      | Found a faded altar of an unknown god.
   944 | D:1      | Reached XP level 3. HP: 24/24 MP: 3/6
  1005 | D:1      | Learned a level 2 spell: Searing Ray
  1078 | D:2      | Noticed Natasha
  1080 | D:2      | Killed Natasha
  1250 | D:2      | Noticed Sigmund
  1367 | D:2      | Reached XP level 4. HP: 29/29 MP: 2/7
  1427 | D:2      | Noticed Natasha
  1433 | D:2      | Killed Natasha
  1508 | D:2      | Noticed Jessica
  1725 | D:2      | Noticed Natasha
  1738 | D:2      | Killed Natasha
  2073 | D:3      | Reached XP level 5. HP: 34/34 MP: 3/9
  2131 | D:3      | Reached skill level 5 in Conjurations
  3763 | D:2      | Reached XP level 6. HP: 42/42 MP: 2/11
  4477 | D:3      | Found a glowing golden altar of the Shining One.
  4897 | D:4      | Noticed Edmund
  4908 | D:4      | Gained mutation: You have a pair of small antennae on your
                  | head. [potion of mutation]
  4908 | D:4      | Gained mutation: You are clumsy. (Dex -2) [potion of
                  | mutation]
  4917 | D:4      | Reached skill level 6 in Conjurations
  4917 | D:4      | Reached XP level 7. HP: 18/46 MP: 10/13
  4934 | D:4      | Mangled by Edmund

Illustrated notes

Levels and vault maps discovered:
D:1:      wander_arrival_desolate, layout_rooms, serial_bayou,
          serial_bayou_ford_a, serial_bayou_lake_a, serial_bayou_pond_d,
          serial_bayou_pond_e, serial_shops, shop,
          shapermc_ecumenical_altar_totnotflames, minmay_statues_item
D:2:      cheibrodos_fertilizer, layout_loops_corners, uniq_natasha,
          uniq_jessica, uniq_sigmund
D:3:      layout_basic, marbit_many_paths, minmay_door_square, minmay_ruptured
D:4:      layout_loops_ring, nicolae_ru_the_path_less_chosen,
          ebering_ghost_rock_garden, minmay_a_box_with_orc_wizards_in_it,
          uniq_edmund

Skill      XL: |  1  2  3  4  5  6 |
---------------+-------------------+-----
Stealth        | 3 |  3.3
Fighting       | 2 3 |  3.0
Spellcasting   | 3 4 |  4.0
Conjurations   | 5 6 |  6.2
Dodging        | |  2.0

Action                   |  1- 3 |  4- 6 |  7- 9 || total
-------------------------+-------+-------+-------++-------
Melee: Unarmed           |     3 |       |       ||     3
       Tentacles         |     5 |     2 |       ||     7
       Dagger            |    16 |     5 |       ||    21
       Constrict         |     2 |     3 |       ||     5
       Punch             |     1 |       |       ||     1
       Quarterstaff      |       |    18 |     9 ||    27
 Cast: Magic Dart        |    49 |    76 |       ||   125
       Searing Ray       |     2 |    23 |       ||    25
Evoke: Wand              |       |     4 |       ||     4
  Use: Scroll            |       |     7 |     1 ||     8
       Potion            |       |     5 |     1 ||     6
 Stab: Sleeping          |       |     2 |       ||     2
Armor: Skin              |     2 |    19 |    44 ||    65
Dodge: Dodged            |    10 |    38 |     7 ||    55
